[Event "World Senior chT-65 2019"]
[Site "Rhodes"]
[Date "2019.04.23"]
[Round "8.13"]
[White "Herzog, Adolf"]
[Black "Westerinen, Heikki M.J."]
[Result "0-1"]
[ECO "C01"]
[WhiteElo "2337"]
[BlackElo "2286"]
[Annotator "RC"]
[PlyCount "94"]
[EventDate "2019.04.16"]
[EventType "team-tourn"]
[EventCountry "GRE"]
[SourceTitle "playchess.com"]
[Source "ChessBase"]
[SourceQuality "1"]
[WhiteTeam "Austria"]
[BlackTeam "Finland"]
[WhiteTeamCountry "AUT"]
[BlackTeamCountry "FIN"]
[TimeControl "40/5400+30:1800+30"]

1. e4 e6 2. d4 d5 3. Nc3 Bb4 4. exd5 exd5 5. Bd3 c6 6. Nf3 Ne7 7. h3 O-O 8. O-O Bf5 9. Re1 Bxd3 10. Qxd3 Nd7 11. Bg5 f6 12. Bd2 Rf7 13. Re2 Nf8 14. h4 h5 15. Rae1 Qd7 16. Na4 Bd6 17. Nc5 Bxc5 18. dxc5 Neg6 19. c4 Rd8 20. cxd5 Qxd5 21. Qc2 Qxa2 22. Re8 Rxe8 23. Rxe8 Ne7 24. Bf4 Qd5 25. Bd6 Nf5 26. Rd8 Qe6 27. Qd3 Nxd6 28. Rxd6 Rd7 29. Qa3 Rxd6 30. cxd6 a6 31. Qb4 Qf7 32. Nd4 Qd5 33. Nb3 b5 34. Nc5 Qd1+ 35. Kh2 Qxd6+ 36. g3 a5 37. Qc3 a4 38. b4 axb3 39. Qxb3+ Qd5 40. Qe3 Kf7 41. Na6 Ne6 42. Qa7+ Kg6 43. Qe7 Nd4 44. Qe8+ Kh7 45. Nb4 Qf3 46. Nd3 c5 47. Kg1 Ne2+ 0-1

[Event "World Senior chT-65 2019"]
[Site "Rhodes"]
[Date "2019.04.23"]
[Round "8.17"]
[White "Faibisovich, Vadim Z"]
[Black "Carlsson, Ingvar"]
[Result "1/2-1/2"]
[ECO "C11"]
[WhiteElo "2302"]
[BlackElo "2119"]
[Annotator "RC"]
[PlyCount "104"]
[EventDate "2019.04.16"]
[EventType "team-tourn"]
[EventCountry "GRE"]
[SourceTitle "playchess.com"]
[Source "ChessBase"]
[SourceQuality "1"]
[WhiteTeam "Russia"]
[BlackTeam "Sweden"]
[WhiteTeamCountry "RUS"]
[BlackTeamCountry "SWE"]
[TimeControl "40/5400+30:1800+30"]

1. e4 e6 2. d4 d5 3. Nc3 Nf6 4. e5 Nfd7 5. f4 c5 6. Nf3 Nc6 7. Be3 a6 8. Qd2 b5 9. dxc5 Bxc5 10. Ne2 O-O 11. Ned4 Qb6 12. c3 b4 13. Bd3 a5 14. O-O Ba6 15. Bxa6 Rxa6 16. Bf2 Qb7 17. Rae1 bxc3 18. bxc3 Nxd4 19. Nxd4 g6 20. Qd3 Rb8 21. g4 Bf8 22. Rb1 Rb6 23. Nb3 Rb5 24. Nxa5 Qa6 25. Rxb5 Rxb5 26. Nb3 Qa4 27. Bd4 Rb8 28. Rf2 Ra8 29. f5 Bg7 30. f6 Bf8 31. h4 Qa6 32. Qe3 h6 33. Kg2 Qc8 34. Rd2 Ra4 35. Rb2 Qa8 36. Qe2 Ba3 37. Rc2 Bf8 38. Rb2 Ba3 39. Rd2 Bf8 40. Qb5 Nb8 41. Kh3 Nc6 42. Qe2 Nb8 43. h5 g5 44. Kg2 Na6 45. Qb5 Nb8 46. Kf3 Nc6 47. Qe2 Nb8 48. Kf2 Na6 49. Ke1 Nc7 50. Rb2 Ba3 51. Rb1 Bf8 52. Rb2 Ba3 1/2-1/2

[Event "World Senior chT-65 2019"]
[Site "Rhodes"]
[Date "2019.04.23"]
[Round "8.18"]
[White "Nordstrom, Felix"]
[Black "Karasev, Vladimir I"]
[Result "0-1"]
[ECO "A41"]
[WhiteElo "2044"]
[BlackElo "2281"]
[Annotator "RC"]
[PlyCount "106"]
[EventDate "2019.04.16"]
[EventType "team-tourn"]
[EventCountry "GRE"]
[SourceTitle "playchess.com"]
[Source "ChessBase"]
[SourceQuality "1"]
[WhiteTeam "Sweden"]
[BlackTeam "Russia"]
[WhiteTeamCountry "SWE"]
[BlackTeamCountry "RUS"]
[TimeControl "40/5400+30:1800+30"]

1. d4 g6 2. e4 Bg7 3. c4 d6 4. Nf3 Bg4 5. Be2 Nc6 6. Nbd2 Nf6 7. d5 Nb8 8. O-O O-O 9. Ne1 Bxe2 10. Qxe2 c6 11. Nd3 b5 12. dxc6 Nxc6 13. cxb5 Nd4 14. Qd1 Nxb5 15. Qa4 a6 16. Nf3 Qd7 17. Bd2 Qb7 18. Rfe1 Rfc8 19. Rac1 Rxc1 20. Bxc1 Rc8 21. h3 Nd7 22. Qb3 Qc7 23. Bg5 Nc5 24. Nxc5 dxc5 25. Rc1 c4 26. Qc2 Nd4 27. Nxd4 Bxd4 28. Rd1 Qb6 29. Bc1 e5 30. Re1 Qa5 31. Re2 Qxa2 32. Kf1 Qb3 33. Ke1 a5 34. f3 a4 35. Kd1 Qb4 36. Bg5 c3 37. bxc3 Rxc3 38. Bd2 Rxc2 39. Bxb4 Rc4 40. Bd6 Rc6 41. Ba3 f5 42. exf5 gxf5 43. Bb2 Bxb2 44. Rxb2 Ra6 45. Kc2 a3 46. Rb8+ Kf7 47. Kb1 e4 48. fxe4 fxe4 49. Rh8 h6 50. Ka2 Re6 51. Rd8 e3 52. Rd1 e2 53. Re1 Re3 0-1

[Event "World Senior chT-65 2019"]
[Site "Rhodes"]
[Date "2019.04.23"]
[Round "8.19"]
[White "Shushpanov, Vladimir"]
[Black "Grahn, Lars"]
[Result "1/2-1/2"]
[ECO "A80"]
[WhiteElo "2180"]
[BlackElo "1985"]
[Annotator "RC"]
[PlyCount "108"]
[EventDate "2019.04.16"]
[EventType "team-tourn"]
[EventCountry "GRE"]
[SourceTitle "playchess.com"]
[Source "ChessBase"]
[SourceQuality "1"]
[WhiteTeam "Russia"]
[BlackTeam "Sweden"]
[WhiteTeamCountry "RUS"]
[BlackTeamCountry "SWE"]
[TimeControl "40/5400+30:1800+30"]

1. d4 f5 2. Nc3 Nf6 3. Bg5 d5 4. e3 e6 5. Bd3 Be7 6. h3 Ne4 7. Bxe7 Qxe7 8. Bxe4 fxe4 9. Qe2 Bd7 10. O-O-O Na6 11. f3 exf3 12. Nxf3 O-O-O 13. e4 Bc6 14. Ne5 Nb8 15. Rhf1 Rhf8 16. Rxf8 Qxf8 17. Qg4 Qf6 18. Nxc6 bxc6 19. exd5 cxd5 20. Re1 Rd6 21. a4 a6 22. Ne2 Nc6 23. c3 Qf2 24. Qg3 Qf5 25. Qf4 Qg6 26. Qg3 Qf5 27. b4 g5 28. Kd2 e5 29. Qg4 Qxg4 30. hxg4 exd4 31. Nxd4 Nxd4 32. cxd4 h6 33. Re8+ Kb7 34. Re5 Kb6 35. Kd3 Kb7 36. Kc3 Kb6 37. Re8 Rc6+ 38. Kd3 Rc4 39. a5+ Kb7 40. Re5 Kc6 41. Re6+ Kb7 42. Rxh6 Rxb4 43. Rg6 Rb3+ 44. Kc2 Rg3 45. Rxg5 Kc6 46. Kd2 Kb5 47. Rxd5+ Kc4 48. Rc5+ Kxd4 49. Rxc7 Rxg2+ 50. Kc1 Rxg4 51. Rc6 Kd5 52. Rxa6 Kc5 53. Rh6 Kb5 54. a6 Ra4 1/2-1/2

[Event "World Senior chT-65 2019"]
[Site "Rhodes"]
[Date "2019.04.23"]
[Round "8.20"]
[White "Svensson, Soren"]
[Black "Blechzin, Igor"]
[Result "1-0"]
[ECO "E94"]
[WhiteElo "1964"]
[BlackElo "2210"]
[Annotator "ChessBase"]
[PlyCount "100"]
[EventDate "2019.04.16"]
[EventType "team-tourn"]
[EventCountry "GRE"]
[SourceTitle "playchess.com"]
[Source "ChessBase"]
[SourceQuality "1"]
[WhiteTeam "Sweden"]
[BlackTeam "Russia"]
[WhiteTeamCountry "SWE"]
[BlackTeamCountry "RUS"]
[TimeControl "40/5400+30:1800+30"]

1. d4 Nf6 2. c4 g6 3. Nc3 Bg7 4. e4 d6 5. Be2 O-O 6. Bg5 Nbd7 7. Qd2 c6 8. Nf3 e5 9. O-O Re8 10. Rfd1 Qc7 11. d5 cxd5 12. cxd5 Nc5 13. Rac1 Qb8 14. Qc2 a5 15. Ne1 Bd7 16. f3 b5 17. Nd3 Qb6 18. Kh1 b4 19. Nxc5 Qxc5 20. Nb1 Qxc2 21. Rxc2 Rec8 22. Rdc1 Rxc2 23. Rxc2 a4 24. Rc7 Be8 25. Nd2 Nd7 26. Be3 Bf8 27. Bb5 Nf6 28. Bc6 Bxc6 29. Rxc6 Be7 30. Nc4 Rd8 31. Bd2 b3 32. a3 Nd7 33. Ba5 Ra8 34. Bb4 Nc5 35. Bxc5 dxc5 36. d6 Rd8 37. Kg1 Bf8 38. Kf2 Kg7 39. Ke2 Kg8 40. Rxc5 Bxd6 41. Rd5 Bc7 42. Rxd8+ Bxd8 43. Nxe5 Bc7 44. Nc4 f5 45. exf5 gxf5 46. Kd3 Kf7 47. Kc3 Ke6 48. Kb4 Kd5 49. Nd2 Bf4 50. Nc4 Kd4 1-0

[Event "World Senior chT-65 2019"]
[Site "Rhodes"]
[Date "2019.04.23"]
[Round "8.21"]
[White "Boehnisch, Manfred"]
[Black "Renman, Nils-Gustaf"]
[Result "1/2-1/2"]
[ECO "C01"]
[WhiteElo "2287"]
[BlackElo "2358"]
[Annotator "RC"]
[PlyCount "106"]
[EventDate "2019.04.16"]
[EventType "team-tourn"]
[EventCountry "GRE"]
[SourceTitle "playchess.com"]
[Source "ChessBase"]
[SourceQuality "1"]
[WhiteTeam "Germany"]
[BlackTeam "Sweden"]
[WhiteTeamCountry "GER"]
[BlackTeamCountry "SWE"]
[TimeControl "40/5400+30:1800+30"]

1. e4 e6 2. Nf3 d5 3. exd5 exd5 4. d4 Nf6 5. Bd3 Bd6 6. Qe2+ Qe7 7. Qxe7+ Kxe7 8. O-O Re8 9. Bg5 h6 10. Re1+ Be6 11. Bh4 Nbd7 12. Nc3 c6 13. a3 Kf8 14. Ne5 Nh5 15. Bg3 Nxg3 16. hxg3 Nxe5 17. dxe5 Bc5 18. Na4 Be7 19. Nc3 a5 20. f4 Bd7 21. Kf1 Bc5 22. Na4 Ba7 23. b4 axb4 24. axb4 b5 25. Nc5 Bxc5 26. bxc5 g6 27. Kf2 Ra4 28. Rxa4 bxa4 29. Ra1 Ra8 30. Ra3 d4 31. Ke2 Ra5 32. Be4 Bf5 33. Bxf5 gxf5 34. Kd3 Rxc5 35. Kxd4 Rxc2 36. Rxa4 Rxg2 37. Ra3 Ke7 38. Ra7+ Ke6 39. Rc7 Rc2 40. Rc8 f6 41. Re8+ Kf7 42. Rc8 fxe5+ 43. Kxe5 Rc5+ 44. Kd4 Rd5+ 45. Kc4 Rd6 46. Kc5 Rd3 47. Rc7+ Kg6 48. Rxc6+ Kh5 49. Rf6 Rxg3 50. Rxf5+ Kg4 51. Rf6 h5 52. Kd4 Ra3 53. Ke4 Ra4+ {[%emt 0:02:04] Kd4 [%emt 00:00:15]} 1/2-1/2

[Event "World Senior chT-65 2019"]
[Site "Rhodes"]
[Date "2019.04.23"]
[Round "8.22"]
[White "Uddenfeldt, Dan"]
[Black "Beltz, Robert"]
[Result "1/2-1/2"]
[ECO "D02"]
[WhiteElo "2339"]
[BlackElo "2158"]
[Annotator "ChessBase"]
[PlyCount "66"]
[EventDate "2019.04.16"]
[EventType "team-tourn"]
[EventCountry "GRE"]
[SourceTitle "playchess.com"]
[Source "ChessBase"]
[SourceQuality "1"]
[WhiteTeam "Sweden"]
[BlackTeam "Germany"]
[WhiteTeamCountry "SWE"]
[BlackTeamCountry "GER"]
[TimeControl "40/5400+30:1800+30"]

1. d4 d5 2. Nf3 c6 3. Bf4 Bf5 4. e3 e6 5. Bd3 Bd6 6. Bg3 Nf6 7. O-O Ne4 8. c4 dxc4 9. Bxc4 Nd7 10. Nc3 Ndf6 11. Rc1 h5 12. Bxd6 Qxd6 13. Nxe4 Bxe4 14. Nd2 Ng4 15. f4 Bxg2 16. Re1 Bd5 17. Nf3 O-O-O 18. Bf1 Bxf3 19. Qxf3 g5 20. h3 gxf4 21. hxg4 Rdg8 22. g5 Rxg5+ 23. Bg2 Rhg8 24. Re2 fxe3 25. Qxe3 Rg4 26. Rd2 R8g5 27. Rc5 Rg3 28. Qxg5 Rxg5 29. Rxg5 Qf4 30. Rg8+ Kc7 31. Rd3 Qc1+ 32. Kh2 Qf4+ 33. Kg1 Qf5 1/2-1/2

[Event "World Senior chT-65 2019"]
[Site "Rhodes"]
[Date "2019.04.23"]
[Round "8.23"]
[White "Baumbach, Friedrich"]
[Black "Hammar, Bengt"]
[Result "0-1"]
[ECO "A42"]
[WhiteElo "2089"]
[BlackElo "2206"]
[Annotator "NA RC"]
[PlyCount "128"]
[EventDate "2019.04.16"]
[EventType "team-tourn"]
[EventCountry "GRE"]
[SourceTitle "playchess.com"]
[Source "ChessBase"]
[SourceQuality "1"]
[WhiteTeam "Germany"]
[BlackTeam "Sweden"]
[WhiteTeamCountry "GER"]
[BlackTeamCountry "SWE"]
[TimeControl "40/5400+30:1800+30"]

1. d4 g6 2. c4 Bg7 3. Nc3 d6 4. e4 Nd7 5. Nf3 e5 6. Be2 Nh6 7. O-O O-O 8. h3 {[%emt 0:05:49] A42: Modern Defence: Averbakh Variation} (8. Rb1 c6 9. d5 c5 10. a3 f6 11. b4 b6 12. bxc5 bxc5 13. Qa4 Nb6 14. Qc2 Nf7 15. a4 Nd7 16. Bd2 {1-0 (62) Nenezic,M (2515)-Kadric,D (2554) Skopje 2018}) 8... c6 9. Be3 f6 10. b4 $146 ({Predecessor:} 10. Qd2 Nf7 11. Nh2 f5 12. f4 exf4 13. Bxf4 Nf6 14. exf5 Bxf5 15. Bd3 Bxd3 16. Qxd3 Qd7 17. Nf3 Rae8 18. Rae1 Rxe1 19. Rxe1 {½-½ (33) Pingin,A (2003)-Lopukhin,A (2282) Taganrog 2019}) 10... Nf7 11. Qc2 Qe7 12. Rfd1 Bh6 13. Bxh6 Nxh6 14. c5 dxc5 15. dxc5 Nf7 16. Bc4 Re8 17. Rd6 Kg7 18. Re6 Qf8 19. Rd1 Rxe6 20. Bxe6 Qe7 21. Bxf7 Qxf7 22. Qd3 Nf8 23. b5 Be6 24. bxc6 bxc6 25. Qd6 Rc8 26. a3 (26. Nh2 $11) 26... Qc7 27. Ne1 Bf7 28. Nc2 Bb3 29. Rc1 Ne6 30. Nb4 Nd4 31. Qxc7+ Rxc7 32. f3 Rb7 33. Kf2 a5 34. Nd3 Bc2 35. Ke3 Rb3 36. Kd2 Bxd3 37. Kxd3 Rxa3 38. Kc4 Rb3 39. Ra1 Rb4+ 40. Kd3 Rb2 41. Ra2 Rxa2 42. Nxa2 Kh6 43. f4 Ne6 44. fxe5 fxe5 45. Kc4 Nf4 46. Nc3 Nxg2 47. Nd5 cxd5+ 48. Kxd5 Ne3+ 49. Kxe5 a4 50. Kd4 a3 51. Kc3 Kg5 52. c6 a2 53. Kb2 Kf4 {[%emt 0:00:00] Decoy} 54. Kxa2 Nc4 55. Kb3 Nd6 56. c7 Kxe4 57. Kc3 g5 58. Kd2 Kf3 59. Kd3 h5 60. Kd4 g4 61. hxg4 hxg4 62. Kd5 Nc8 63. Kc6 g3 64. Kd7 Na7 0-1

[Event "World Senior chT-65 2019"]
[Site "Rhodes"]
[Date "2019.04.23"]
[Round "8.27"]
[White "Van Herck, Marcel"]
[Black "Stokes, Michael"]
[Result "1/2-1/2"]
[ECO "C85"]
[WhiteElo "2066"]
[BlackElo "2092"]
[Annotator "NA RC"]
[PlyCount "74"]
[EventDate "2019.04.16"]
[EventType "team-tourn"]
[EventCountry "GRE"]
[SourceTitle "playchess.com"]
[Source "ChessBase"]
[SourceQuality "1"]
[WhiteTeam "Belgium"]
[BlackTeam "England"]
[WhiteTeamCountry "BEL"]
[BlackTeamCountry "ENG"]
[TimeControl "40/5400+30:1800+30"]

1. e4 e5 2. Nf3 Nc6 3. Bb5 a6 4. Ba4 Nf6 5. O-O Be7 6. Bxc6 bxc6 7. Nxe5 {[%emt 0:09:04] C85: Closed Ruy Lopez: Deferred Exchange Variation} (7. Re1 d6 8. d4 exd4 9. Nxd4 c5 10. Nc6 Qd7 11. Nxe7 Qxe7 12. Nc3 O-O 13. Bf4 Be6 14. e5 Ne8 15. Qd2 Rb8 16. b3 {½-½ (54) Farkas,T (2313)-Fule,S (2180) Budapest 2019}) 7... Nxe4 8. Re1 Nf6 9. Qe2 c5 10. Nc3 $146 ({Predecessor:} 10. Nd3 d6 11. b3 Bb7 12. Bb2 Qd7 13. Na3 O-O-O 14. Qxe7 Qg4 {0-1 (25) Poormosavi,S (2086)-Jahedi,M (1951) Teheran 2016}) 10... Bb7 11. d3 O-O 12. Ng6 fxg6 13. Qxe7 Ng4 14. Qxd8 Raxd8 15. f3 Nf6 16. Bg5 Rde8 17. Ne4 Nxe4 18. fxe4 c4 19. Rf1 Rxf1+ 20. Kxf1 d5 21. exd5 Bxd5 22. g3 $11 a5 23. b3 cxd3 24. cxd3 Ra8 25. Bf4 c6 26. Ke2 a4 27. bxa4 Rxa4 28. a3 Kf7 29. Bd6 Ke6 30. Bb4 g5 31. Rf1 Ra7 32. Ke3 g4 33. Rf8 Bf3 34. Re8+ Kf7 35. Rf8+ Ke6 36. Re8+ Kf7 37. Rf8+ Ke6 {[%emt 0:00:09] Ke4 [%clk 00:08:10] [%emt 00:00:42] Ke5+ [%clk 00:17:36]} 1/2-1/2

[Event "World Senior chT-65 2019"]
[Site "Rhodes"]
[Date "2019.04.23"]
[Round "8.28"]
[White "Hewson, Brian W R"]
[Black "Schrickx, Frank"]
[Result "1-0"]
[ECO "E01"]
[WhiteElo "2004"]
[BlackElo "1823"]
[Annotator "NA RC"]
[PlyCount "129"]
[EventDate "2019.04.16"]
[EventType "team-tourn"]
[EventCountry "GRE"]
[SourceTitle "playchess.com"]
[Source "ChessBase"]
[SourceQuality "1"]
[WhiteTeam "England"]
[BlackTeam "Belgium"]
[WhiteTeamCountry "ENG"]
[BlackTeamCountry "BEL"]
[TimeControl "40/5400+30:1800+30"]

1. Nf3 d5 2. d4 Nf6 3. g3 e6 4. Bg2 c6 5. O-O Nbd7 6. b3 Bd6 7. Bb2 Qc7 8. c4 O-O 9. Nc3 {[%emt 0:09:50] E01: Catalan: Early deviations} Re8 10. Rc1 Bf8 (10... a6 11. Nd2 Bf8 12. cxd5 exd5 13. Nxd5 Nxd5 14. Bxd5 Qa5 15. Bf3 Nf6 16. Nc4 Qd8 {1-0 (39) Horvath,J (2542)-Schachinger,M (2336) Austria 2008}) 11. Qc2 Qb8 $146 ({Predecessor:} 11... b6 12. Rfe1 Bb7 13. cxd5 exd5 14. Ng5 Qd6 15. e4 dxe4 16. Ncxe4 Nxe4 17. Nxe4 {½-½ (35) Ribeiro,V (1917)-Martins,R (2005) Brasilia 2012}) 12. e3 h6 13. Rfd1 Bb4 14. Ne2 Ne4 15. a3 Ba5 16. Ne1 Bxe1 17. Rxe1 f5 18. f3 Nd6 19. Nf4 Nf6 20. Nd3 Nf7 21. Re2 Nd6 22. Ne5 Rd8 23. Ree1 Nf7 24. Nxf7 Kxf7 25. e4 Qc7 (25... b5 $16 26. cxd5 cxd5) 26. cxd5 exd5 27. exf5 Bd7 28. Re2 Re8 29. Rce1 Qb6 30. g4 Rxe2 31. Rxe2 Re8 32. Rxe8 Kxe8 33. b4 Kf7 34. Bf1 a6 35. Bd3 Qc7 36. Bc1 Qd6 37. Qd2 Qf8 38. Qf4 Qe7 39. Qe5 Ne8 40. Qxe7+ Kxe7 41. Bf4 Nd6 42. Be5 Ne8 43. Kf2 Kf7 44. Kg3 Nf6 45. h4 Nh7 46. Kf4 Bc8 47. g5 hxg5+ 48. hxg5 Nf8 49. Bd6 Nd7 50. Kg3 Nb6 51. g6+ Kg8 52. Be5 Na4 53. f6 gxf6 54. Bxf6 Nb2 55. Bc2 b5 56. Kf4 Nc4 57. Kg5 Nxa3 58. Bd3 Nc4 59. g7 $18 Nd6 60. Be5 Nf7+ 61. Kf6 Nh6 62. Bg6 a5 63. bxa5 b4 64. Bf4 Ng4+ 65. fxg4 1-0

[Event "World Senior chT-65 2019"]
[Site "Rhodes"]
[Date "2019.04.23"]
[Round "8.31"]
[White "Valentine, Brian J"]
[Black "Hvenekilde, Jorgen"]
[Result "1/2-1/2"]
[ECO "C41"]
[WhiteElo "1954"]
[BlackElo "2046"]
[Annotator "NA"]
[PlyCount "32"]
[EventDate "2019.04.16"]
[EventType "team-tourn"]
[EventCountry "GRE"]
[SourceTitle "playchess.com"]
[Source "ChessBase"]
[SourceQuality "1"]
[WhiteTeam "England"]
[BlackTeam "Denmark"]
[WhiteTeamCountry "ENG"]
[BlackTeamCountry "DEN"]
[TimeControl "40/5400+30:1800+30"]

1. e4 e5 2. Nf3 d6 3. d4 exd4 4. Qxd4 a6 5. Bf4 Nc6 6. Qd2 Be7 7. Nc3 Nf6 8. O-O-O O-O 9. Bd3 Nd7 10. Nd5 Nce5 11. Nxe5 dxe5 12. Nxe7+ Qxe7 13. Bg3 Nc5 14. Qc3 Nxd3+ 15. Rxd3 f6 16. f3 Be6 1/2-1/2

[Event "World Senior chT-65 2019"]
[Site "Rhodes"]
[Date "2019.04.23"]
[Round "8.32"]
[White "Grevlund, Per"]
[Black "Thynne, Trefor F"]
[Result "1/2-1/2"]
[ECO "B22"]
[WhiteElo "1998"]
[BlackElo "1907"]
[Annotator "NA RC"]
[PlyCount "26"]
[EventDate "2019.04.16"]
[EventType "team-tourn"]
[EventCountry "GRE"]
[SourceTitle "playchess.com"]
[Source "ChessBase"]
[SourceQuality "1"]
[WhiteTeam "Denmark"]
[BlackTeam "England"]
[WhiteTeamCountry "DEN"]
[BlackTeamCountry "ENG"]
[TimeControl "40/5400+30:1800+30"]

1. e4 c5 2. c3 d5 3. exd5 Qxd5 4. d4 Nf6 5. Nf3 Bg4 6. Be2 cxd4 7. cxd4 e6 8. Nc3 Qd8 9. O-O Nc6 10. Be3 Be7 11. Qb3 Rb8 12. Rfd1 Nd5 13. Nxd5 Qxd5 1/2-1/2

[Event "World Senior chT-65 2019"]
[Site "Rhodes"]
[Date "2019.04.23"]
[Round "8.33"]
[White "Andersson, Kaj"]
[Black "Jones, Iolo C"]
[Result "0-1"]
[ECO "C42"]
[WhiteElo "2030"]
[BlackElo "2187"]
[Annotator "ChessBase"]
[PlyCount "204"]
[EventDate "2019.04.16"]
[EventType "team-tourn"]
[EventCountry "GRE"]
[SourceTitle "playchess.com"]
[Source "ChessBase"]
[SourceQuality "1"]
[WhiteTeam "Sweden"]
[BlackTeam "Wales"]
[WhiteTeamCountry "SWE"]
[BlackTeamCountry "WLS"]
[TimeControl "40/5400+30:1800+30"]

1. e4 e5 2. Nf3 Nf6 3. Nxe5 d6 4. Nf3 Nxe4 5. d4 d5 6. Bd3 Nc6 7. O-O Be7 8. c4 Nf6 9. Nc3 Nb4 10. Bg5 Nxd3 11. Qxd3 dxc4 12. Qxc4 c6 13. Bxf6 Bxf6 14. Rfe1+ Be6 15. d5 cxd5 16. Nxd5 O-O 17. Nxf6+ Qxf6 18. Qd4 Qxd4 19. Nxd4 Bd5 20. Nf5 Be6 21. Nd4 Bd7 22. f3 Rfd8 23. Rac1 Rac8 24. Kf2 Kf8 25. a3 a6 26. Rxc8 Rxc8 27. g3 Rc5 28. Ke3 Ke7 29. Rd1 Re5+ 30. Kd3 Bb5+ 31. Nxb5 Rxb5 32. Re1+ Kd6 33. Kc3 Rc5+ 34. Kd3 Rd5+ 35. Kc3 g5 36. Re8 Rf5 37. Rd8+ Kc5 38. Rd3 h5 39. Re3 h4 40. g4 Rf4 41. b4+ Kd5 42. Rd3+ Kc6 43. h3 f5 44. Kd2 fxg4 45. fxg4 b6 46. Ke2 a5 47. bxa5 bxa5 48. Rd8 Re4+ 49. Kf2 Kc5 50. Rd3 Re5 51. Rf3 a4 52. Rc3+ Kd4 53. Rc8 Rc5 54. Ra8 Rc2+ 55. Kg1 Ke3 56. Rxa4 Kf3 57. Rb4 Rc3 58. Kh2 Rxa3 59. Rb5 Ra2+ 60. Kh1 Re2 61. Kg1 Rg2+ 62. Kh1 Re2 63. Kg1 Kf4 64. Ra5 Re5 65. Ra8 Kf3 66. Ra7 Re2 67. Ra8 Rd2 68. Ra3+ Ke2 69. Ra8 Rd3 70. Kh2 Rd2 71. Kg1 Ke3 72. Ra7 Re2 73. Ra8 Kf3 74. Ra7 Rg2+ 75. Kh1 Rf2 76. Ra3+ Kf4 77. Ra5 Kg3 78. Kg1 Rf3 79. Rxg5 Kxh3 80. Rg8 Kg3 81. g5 h3 82. Rh8 Ra3 83. Kf1 Ra1+ 84. Ke2 Ra6 85. Ke3 Rg6 86. Rh5 Kg4 87. Rh8 Kg3 88. Rh5 Re6+ 89. Kd4 Kg4 90. Rh8 Rg6 91. Ke3 Kg3 92. Rh5 Re6+ 93. Kd4 Kg4 94. Rh8 Rg6 95. Ke3 Ra6 96. Ke4 Re6+ 97. Kd5 Rg6 98. Ke4 Rxg5 99. Ra8 Rg7 100. Ke3 h2 101. Ra1 Kg3 102. Ke2 Rh7 0-1

[Event "World Senior chT-65 2019"]
[Site "Rhodes"]
[Date "2019.04.23"]
[Round "8.34"]
[White "Thornton, John D"]
[Black "Carlsten, Peter"]
[Result "1/2-1/2"]
[ECO "C41"]
[WhiteElo "2061"]
[BlackElo "2002"]
[Annotator "NA RC"]
[PlyCount "30"]
[EventDate "2019.04.16"]
[EventType "team-tourn"]
[EventCountry "GRE"]
[SourceTitle "playchess.com"]
[Source "ChessBase"]
[SourceQuality "1"]
[WhiteTeam "Wales"]
[BlackTeam "Sweden"]
[WhiteTeamCountry "WLS"]
[BlackTeamCountry "SWE"]
[TimeControl "40/5400+30:1800+30"]

1. e4 d6 2. d4 Nf6 3. Nc3 e5 4. Nf3 Nbd7 5. Bc4 Be7 6. O-O O-O 7. a4 a5 8. Re1 c6 9. Bb3 exd4 10. Qxd4 Nc5 11. Bc4 Be6 12. Bxe6 Nxe6 13. Qd2 Re8 14. b3 Qc7 15. Bb2 Rad8 1/2-1/2

[Event "World Senior chT-65 2019"]
[Site "Rhodes"]
[Date "2019.04.23"]
[Round "8.35"]
[White "Gustavsson, Sture"]
[Black "Waterfield, John W"]
[Result "1/2-1/2"]
[ECO "A57"]
[WhiteElo "1976"]
[BlackElo "1928"]
[Annotator "NA RC"]
[PlyCount "82"]
[EventDate "2019.04.16"]
[EventType "team-tourn"]
[EventCountry "GRE"]
[SourceTitle "playchess.com"]
[Source "ChessBase"]
[SourceQuality "1"]
[WhiteTeam "Sweden"]
[BlackTeam "Wales"]
[WhiteTeamCountry "SWE"]
[BlackTeamCountry "WLS"]
[TimeControl "40/5400+30:1800+30"]

1. d4 Nf6 2. Nf3 c5 3. d5 g6 4. e3 Bg7 5. c4 b5 6. cxb5 a6 7. Nc3 O-O 8. Bc4 axb5 9. Bxb5 Qa5 10. O-O Ne4 11. Nxe4 Qxb5 12. Nc3 Qb6 13. Qc2 Ba6 14. Rd1 d6 15. b3 Nd7 16. Bb2 Rab8 17. Na4 Qb4 18. Bxg7 Kxg7 19. Nb2 Kg8 20. Nd2 Qb7 21. Ndc4 f5 22. f3 Nf6 23. e4 fxe4 24. fxe4 Qd7 25. Re1 Qg4 26. Rad1 $14 Qh4 27. e5 Ng4 28. h3 Nf2 29. Re2 Nxd1 30. Qxd1 Rf4 31. exd6 exd6 32. Qd3 Rd4 33. Qe3 Bb5 34. Qe6+ Kg7 35. Qxd6 Re8 36. Rxe8 Bxe8 37. Qe5+ Kf8 38. Qh8+ Ke7 39. Qe5+ Kf8 40. Qh8+ Ke7 41. Qe5+ Kf8 1/2-1/2

[Event "World Senior chT-65 2019"]
[Site "Rhodes"]
[Date "2019.04.23"]
[Round "8.37"]
[White "Woeber, Friedrich"]
[Black "Harestad, Thor Geir"]
[Result "1/2-1/2"]
[ECO "B21"]
[WhiteElo "2114"]
[BlackElo "2200"]
[Annotator "NA RC"]
[PlyCount "80"]
[EventDate "2019.04.16"]
[EventType "team-tourn"]
[EventCountry "GRE"]
[SourceTitle "playchess.com"]
[Source "ChessBase"]
[SourceQuality "1"]
[WhiteTeam "Austria"]
[BlackTeam "Norway"]
[WhiteTeamCountry "AUT"]
[BlackTeamCountry "NOR"]
[TimeControl "40/5400+30:1800+30"]

1. e4 c5 2. Nf3 Nc6 3. d4 cxd4 4. c3 d3 5. Bxd3 d6 6. O-O g6 {[%emt 0:00:01] B21: Sicilian: 2 f4 and Morra Gambit} (6... Nf6 7. h3 g6 8. Qe2 Bg7 9. Rd1 Nd7 10. Be3 O-O 11. Nbd2 b6 12. Nd4 Nce5 13. Ba6 Nc5 14. Bxc8 Qxc8 15. N4f3 Nxf3+ 16. Qxf3 {½-½ (37) Petrov,N (2490)-Bernadskiy,V (2549) Riga 2016}) 7. Be3 Bg7 8. h3 Nf6 9. Qd2 O-O 10. c4 a6 11. Nc3 Rb8 12. Rac1 Bd7 $146 ({Predecessor:} 12... Re8 13. Nd5 b6 14. Rfd1 Nd7 {1-0 (55) Halvorsen,H (1899)-Ponjican,E (2124) Vienna 2012}) 13. Rfd1 Re8 14. c5 Qa5 15. Bc4 Rbd8 16. cxd6 exd6 17. Qc2 b5 18. Bb3 Rc8 19. Rxd6 b4 20. Nd5 Ne5 21. Nxf6+ Bxf6 22. Qd1 Rxc1 23. Bxc1 Be6 24. Bxe6 fxe6 25. Nxe5 Qxe5 26. Qd3 Qa5 27. Qc4 Qb5 28. Qxb5 axb5 29. Rb6 Rc8 30. Be3 Bxb2 31. Rxb5 Rc4 32. f3 e5 $16 33. Kf1 Ba3 34. Rd5 Rc2 35. Rd2 Rc1+ 36. Ke2 Rc4 37. Kd1 Rc1+ 38. Ke2 Rc4 39. Kd3 Rc3+ 40. Ke2 Rc4 1/2-1/2